 Dungeon Crawl Stone Soup version 0.25-a0-731-g0472a16d6a (webtiles) character file.

Game seed: 6950211964919298459, levelgen mode: deterministic

3110 kae the Destroyer (level 9, -1/45 HPs)
             Began as a Tengu Air Elementalist on Apr 8, 2020.
             Was a Follower of Vehumet.
             Slain by a killer bee (8 damage)
             ... on level 8 of the Dungeon.
             The game lasted 00:06:47 (8271 turns).

kae the Destroyer (Tengu Air Elementalist)          Turns: 8271, Time: 00:06:48

Health: -1/45      AC:  4    Str:  9    XL:     9   Next: 91%
Magic:  10/19      EV: 15    Int: 18    God:    Vehumet [*.....]
Gold:   322        SH:  0    Dex: 15    Spells: 10/20 levels left

rFire    . . .     SeeInvis .   u - +4 quarterstaff (chaos)
rCold    . . .     Gourm    .   (shield currently unavailable)
rNeg     . . .     Faith    .   a - +1 robe
rPois    .         Spirit   .   (helmet restricted)
rElec    .         Reflect  .   e - +0 cloak
rCorr    +         Harm     .   (no gloves)
MR       .....                  (boots unavailable)
Stlth    ++........             (no amulet)
HPRegen  0.15/turn              k - ring of resist corrosion
MPRegen  0.16/turn              (no ring)

@: lethally poisoned (-1 -> -9), flying quickly and evasively, quick
A: beak, talons 3, able to fly
a: Stop Flying, Renounce Religion


You were on level 8 of the Dungeon.
You worshipped Vehumet.
Vehumet was aware of your devotion.
You were not hungry.

You visited 2 branches of the dungeon, and saw 9 of its levels.

You collected 322 gold pieces.

Inventory:

Hand Weapons
 u - a +4 quarterstaff of chaos (weapon)
Armour
 a - a +1 robe (worn)
 e - a +0 cloak (worn)
Jewellery
 k - a ring of resist corrosion (left hand)
Wands
 y - a wand of acid (10)
 A - a wand of paralysis (7)
 B - a wand of random effects (20)
 C - a wand of flame (12)
 E - a wand of iceblast (4)
Scrolls
 b - 3 scrolls of enchant armour
 d - 4 scrolls of remove curse
 g - 4 scrolls of teleportation
 p - a scroll of amnesia
 x - a scroll of magic mapping
Potions
 f - a potion of resistance
 h - a potion of stabbing
 l - 2 potions of heal wounds
 n - 3 potions of curing {unknown}
 s - 2 potions of brilliance {unknown}
 t - a potion of lignification {unknown}
 w - a potion of might {unknown}
 z - a potion of flight {unknown}
 D - 2 potions of ambrosia {unknown}
 F - 2 potions of haste {unknown}
 G - 3 potions of degeneration {unknown}
Comestibles
 c - 8 rations


   Skills:
 - Level 2.1 Dodging
 - Level 2.0 Stealth
 + Level 6.4 Spellcasting
 * Level 12.2 Conjurations
 + Level 9.7 Air Magic


You had 10 spell levels left.
You knew the following spells:

 Your Spells              Type           Power        Failure   Level  Hunger
a - Shock                 Conj/Air       ####         1%          1    None
b - Static Discharge      Conj/Air       #####...     1%          3    ##.....
c - Airstrike             Air            #####.....   2%          4    ####...
d - Swiftness             Chrm/Air       ###.....     2%          2    None

Your spell library contained the following spells:

 Spells                   Type           Power        Failure   Level  Hunger
 Magic Dart               Conj           ####         1%          1    None
 Dazzling Flash           Conj/Hex       ####..       2%          3    ##.....
 Lightning Bolt           Conj/Air       #####.....   3%          5    #####..
 Corona                   Hex            #......      12%         1    None
 Infusion                 Chrm           #...         12%         1    None
 Ensorcelled Hibernation  Hex/Ice        #.....       17%         2    None
 Shroud of Golubria       Chrm/Tloc      #.....       17%         2    None
 Song of Slaying          Chrm           #.......     17%         2    None
 Confusing Touch          Hex            #.......     34%         3    ##.....
 Ozocubu's Armour         Chrm/Ice       #.......     34%         3    ##.....
 Spectral Weapon          Hex/Chrm       #.......     34%         3    ##.....
 Tukima's Dance           Hex            #.......     34%         3    ##.....


Dungeon Overview and Level Annotations

Branches:
Dungeon (8/15)             Temple (1/1) D:6
   Lair: D:8-11

Altars:
Ashenzari
Cheibriados
Dithmenos
Fedhas
Kikubaaqudgha
Makhleb
Nemelex Xobeh
Okawaru
Qazlal
Ru
Sif Muna
Trog
Uskayaw
Vehumet
Wu Jian
Xom
Yredelemnul
Zin
The Shining One

Annotations:
D:8 Grum


Innate Abilities, Weirdness & Mutations

You have a beak for a mouth.
You have claws for feet.
You can fly continuously.


Message History

Vehumet accepts your kill.
The killer bee is struck by an arc of lightning.
The killer bee is moderately wounded.
The lightning grounds out.
You feel sick. The killer bee misses you. The killer bee closely misses you.
You feel sick. The killer bee stings you.
* * * LOW HITPOINT WARNING * * *
The killer bee barely misses you.
Casting: Static Discharge (safe; 1% risk of failure)
Confirm with . or Enter, or press ? or * to list all spells.
The killer bee is struck by an arc of lightning!
The killer bee is almost dead.
You are struck by an arc of lightning.
* * * LOW HITPOINT WARNING * * *
The lightning grounds out.
* * * LOW HITPOINT WARNING * * *
You feel sick. The killer bee closely misses you. x2
* * * LOW HITPOINT WARNING * * *
You feel sick. The killer bee closely misses you. The killer bee stings you!
You die...

# ##.......#
..##........#######
.................#
#........#####.##
#........# #.#..#
##.#.#######.##.#
#...# %$'....#
#..## #.#†.#..#
##..#####).y@.(##
##.....#.####.###
##.............+
#............#.+
#..............+
#..............#
#...............
#...............
##.......<......#


You could see a killer bee.

Vanquished Creatures
  Pikel (D:7)
  A centaur skeleton (D:7)
  2 hungry ghosts
  Menkaure (D:7)
  A black bear (D:6)
  2 slaves (D:7)
  An ogre (D:4)
  2 necrophages
  2 phantoms
  A centaur (D:5)
  3 bullfrogs
  5 scorpions
  7 killer bees (D:8)
  2 crimson imps
  A centaur zombie (D:3)
  3 orc priests
  Crazy Yiuf (D:4)
  2 hounds
  2 iguanas
  An orc wizard (D:6)
  2 worker ants
  A hound skeleton (D:5)
  6 adders
  3 gnolls (D:6)
  2 shadow imps
  2 oozes (D:3)
  2 adder skeletons
  3 dart slugs
  A leopard gecko (D:3)
  15 orcs
  2 ball pythons (D:1)
  4 giant cockroaches
  7 goblins
  7 hobgoblins
  12 jackals
  4 quokkas
  9 bats
  8 kobolds
  A quokka skeleton (D:6)
  7 rats
  2 fungi (D:4)
141 creatures vanquished.

Notes
Turn   | Place    | Note
-------+----------+-------------------------------------------
     0 | D:1      | kae the Tengu Air Elementalist began the quest for the Orb.
     0 | D:1      | Reached XP level 1. HP: 10/10 MP: 4/4
   213 | D:1      | Reached skill level 2 in Conjurations
   326 | D:1      | Reached XP level 2. HP: 7/15 MP: 4/6
   487 | D:1      | Learned a level 2 spell: Swiftness
   991 | D:1      | Reached XP level 3. HP: 19/19 MP: 4/7
  1036 | D:1      | Reached skill level 3 in Conjurations
  2081 | D:2      | Reached XP level 4. HP: 24/24 MP: 3/8
  2530 | D:3      | Reached skill level 4 in Conjurations
  2535 | D:3      | Learned a level 3 spell: Static Discharge
  2721 | D:3      | Reached skill level 5 in Air Magic
  2721 | D:3      | Gained mutation: You can fly continuously. [Tengu growth]
  2721 | D:3      | Reached XP level 5. HP: 28/28 MP: 0/10
  3311 | D:3      | Reached skill level 5 in Conjurations
  3471 | D:3      | Learned a level 4 spell: Airstrike
  3475 | D:4      | Reached XP level 6. HP: 29/32 MP: 5/11
  3611 | D:4      | Reached skill level 6 in Conjurations
  4014 | D:4      | Found a bloodstained altar of Trog.
  4242 | D:4      | Found a runed translucent door.
  4243 | D:4      | Noticed Crazy Yiuf
  4271 | D:4      | Killed Crazy Yiuf
  4271 | D:4      | Reached XP level 7. HP: 36/36 MP: 4/13
  4381 | D:5      | Entered Level 5 of the Dungeon
  4439 | D:5      | Reached skill level 7 in Conjurations
  5091 | D:5      | Reached skill level 8 in Conjurations
  5131 | D:5      | Reached XP level 8. HP: 18/41 MP: 7/15
  5716 | D:6      | Found a staircase to the Ecumenical Temple.
  5871 | Temple   | Entered the Ecumenical Temple
  6095 | Temple   | Became a worshipper of Vehumet
  6179 | D:6      | Reached skill level 9 in Conjurations
  6316 | D:6      | Reached skill level 5 in Spellcasting
  6334 | D:6      | HP: 2/41 [scorpion (3)]
  6974 | D:7      | Reached skill level 10 in Conjurations
  6974 | D:7      | Reached XP level 9. HP: 45/45 MP: 8/18
  7424 | D:7      | Noticed Pikel
  7581 | D:7      | Noticed Menkaure
  7586 | D:7      | Killed Menkaure
  7586 | D:7      | Reached skill level 11 in Conjurations
  7793 | D:7      | Killed Pikel
  7949 | D:8      | Noticed Grum
  8146 | D:8      | Reached * piety under Vehumet
  8146 | D:8      | Offered knowledge of Magic Dart by Vehumet.
  8174 | D:8      | Reached skill level 12 in Conjurations
  8271 | D:8      | Slain by a killer bee

Levels and vault maps discovered:
D:1:      dpeg_arrival_tiny_a, layout_loops_ring
D:2:      layout_basic
D:3:      layout_basic
D:4:      layout_cave_pools, marbit_many_paths, first_ration,
          uniq_crazy_yiuf_cottage
D:5:      layout_loops_cross, nicolae_underground_beach
D:6:      layout_basic, minmay_temple_entry_statues
D:7:      layout_rooms, uniq_pikel, uniq_menkaure
D:8:      layout_rooms, gammafunk_temple_overflow_claw, eino_jars, uniq_grum
Temple:   dpeg_five_rooms_temple

Skill      XL: |  1  2  3  4  5  6  7  8  9 |
---------------+----------------------------+-----
Conjurations   | 2 3 4 5 6 8 10 12 | 12.2
Air Magic      | 5 6 7 8 9 |  9.7
Spellcasting   | 3 4 5 6 |  6.4
Dodging        | |  2.1
Stealth        | |  2.0

Action                   |  1- 3 |  4- 6 |  7- 9 || total
-------------------------+-------+-------+-------++-------
Melee: Unarmed           |     7 |    88 |       ||    95
       Kick              |     3 |    32 |    16 ||    51
       Peck              |     1 |    17 |     7 ||    25
       Quarterstaff      |       |       |    47 ||    47
 Cast: Shock             |    88 |    83 |   125 ||   296
       Swiftness         |       |     2 |       ||     2
       Static Discharge  |       |     9 |    20 ||    29
       Airstrike         |       |       |    15 ||    15
 Abil: Fly               |       |     1 |       ||     1
  Use: Scroll            |       |     1 |    12 ||    13
       Potion            |       |       |     3 ||     3
 Stab: Sleeping          |       |     1 |       ||     1
  Eat: Chunk             |     5 |     3 |    11 ||    19
       Ration            |       |     1 |     2 ||     3
Armor: Robe              |     5 |    17 |    11 ||    33
Dodge: Dodged            |    11 |    51 |    74 ||   136

Table legend:
 A = Non-vault XP
 B = Vault XP
 C = Vault XP percentage of total XP
 D = Non-vault monster count
 E = Vault monster count
 F = Vault count percentage of total count
                 A         B        C        D         E       F
            +---------+---------+-------+---------+---------+-------
      Total |    3340 |    1104 |  24.8 |     131 |       6 |   4.4
            +---------+---------+-------+---------+---------+-------
        D:1 |      41 |       0 |   0.0 |      23 |       0 |   0.0
        D:2 |      53 |       0 |   0.0 |      17 |       0 |   0.0
        D:3 |     211 |       0 |   0.0 |      29 |       0 |   0.0
        D:4 |     156 |     164 |  51.2 |       9 |       2 |  18.2
        D:5 |     662 |       0 |   0.0 |      13 |       0 |   0.0
        D:6 |     764 |       0 |   0.0 |      22 |       0 |   0.0
        D:7 |     849 |     816 |  49.0 |       8 |       2 |  20.0
        D:8 |     604 |     124 |  17.0 |      10 |       2 |  16.7
            +---------+---------+-------+---------+---------+-------
